 Dungeon Crawl Stone Soup version 0.25-a0-635-g0c6c292ef3 (webtiles) character file.

Game seed: 6893659150845948291, levelgen mode: deterministic

8 Esekla the Skirmisher (level 2, 0/25 HPs)
             Began as a Formicid Abyssal Knight on Mar 20, 2020.
             Was an Initiate of Lugonu.
             Slain by a hound (4 damage)
             ... on level 2 of the Dungeon.
             The game lasted 00:01:24 (151 turns).

Esekla the Skirmisher (Formicid Abyssal Knight)      Turns: 151, Time: 00:01:25

Health: 0/25       AC:  3    Str: 16    XL:     2   Next: 15%
Magic:  3/3        EV: 11    Int: 11    God:    Lugonu [......]
Gold:   0          SH:  0    Dex: 10    Spells: 1/1 levels left

rFire    . . .     SeeInvis +   a - +1 falchion
rCold    . . .     Gourm    .   (no shield)
rNeg     . . .     Faith    .   b - +0 leather armour
rPois    .         Spirit   .   (helmet unavailable)
rElec    .         Reflect  .   (no cloak)
rCorr    .         Harm     .   (no gloves)
MR       .....                  (no boots)
Stlth    +.........             (no amulet)
HPRegen  0.08/turn              (no ring)
MPRegen  0.08/turn              (no ring)

@: no status effects
A: permanent stasis, dig shafts and tunnels, four strong arms, antennae 3
a: Dig, Shaft Self, Renounce Religion


You were on level 2 of the Dungeon.
You worshipped Lugonu.
Lugonu was noncommittal.
You were not hungry.

You visited 1 branch of the dungeon, and saw 2 of its levels.
You visited the Abyss 1 time.

Inventory:

Hand Weapons
 a - a +1 falchion (weapon)
Armour
 b - a +0 leather armour (worn)
Scrolls
 d - a scroll of fear {unknown}
Comestibles
 c - a ration


   Skills:
 * Level 3.7 Fighting
 + Level 2.0 Long Blades
 + Level 2.3 Armour
 + Level 0.8 Dodging
 + Level 2.2 Invocations


You had one spell level left.
You didn't know any spells.
Your spell library was empty.

Dungeon Overview and Level Annotations

Branches:
Dungeon (2/15)

Altars:


Innate Abilities, Weirdness & Mutations

You cannot be hasted, slowed, berserked, paralysed or teleported.
You can dig through walls and to a lower floor.
Your four strong arms can wield two-handed weapons with a shield.
You have a pair of large antennae on your head. (SInv)


Message History

You feel sick. The adder barely misses you. The hound bites you.
* * * LOW HITPOINT WARNING * * *
You hit the hound.
The hound is moderately wounded.
The hound closely misses you. The hound completely misses you.
You barely miss the hound.
The hound is moderately wounded.
You feel sick.
You are no longer poisoned.
The hound barely misses you.
The hound pauses to sniff the ground.
The hound barely misses you.
You hit the hound.
The hound is heavily wounded.
The hound barely misses you. x2
Okay, then.
Are you sure you want to shaft yourself?
You feel quite a bit more hungry. The hound bites you.
You die...

#######.##..##
.......†.....#
#######......#
#......#
###..### #..#
##.# #### #.#
.... #@# ....
#h#
#..####S###
#.........#
#.........#
#.........#
#.........#
#.........#
#.........#


You could see a hound and an adder.

Vanquished Creatures
  A dart slug (D:1)
  A bat (D:2)
  A hobgoblin (D:2)
  A frilled lizard (D:2)
  2 kobolds (D:2)
  A rat (D:1)
7 creatures vanquished.

Notes
Turn   | Place    | Note
-------+----------+-------------------------------------------
     0 | Abyss:1  | Esekla the Formicid Abyssal Knight began the quest for the
                  | Orb.
     0 | Abyss:1  | Reached XP level 1. HP: 18/18 MP: 2/2
    16 | Abyss:2  | Noticed a thrashing horror
    16 | Abyss:2  | Noticed a thrashing horror
    19 | D:1      | Escaped the Abyss
    91 | D:2      | Reached XP level 2. HP: 11/24 MP: 3/3
   151 | D:2      | Slain by a hound

Levels and vault maps discovered:
D:1:      elethiomel_arrival_shortcut, layout_loops_cross, minmay_tetromino_i2
D:2:      layout_basic, nicolae_overflow_hidden_temple, kiku_gazebo_pond_becter

Action                   || total
-------------------------++-------
Melee: Falchion          ||    22
Invok: Depart the Abyss  ||     1
 Abil: Shaft Self        ||     1
Armor: Leather armour    ||    10
Dodge: Dodged            ||    28
       Rpst.: Falchion   ||     3

Table legend:
 A = Non-vault XP
 B = Vault XP
 C = Vault XP percentage of total XP
 D = Non-vault monster count
 E = Vault monster count
 F = Vault count percentage of total count
                 A         B        C        D         E       F
            +---------+---------+-------+---------+---------+-------
      Total |      12 |       0 |   0.0 |       7 |       0 |   0.0
            +---------+---------+-------+---------+---------+-------
        D:1 |       5 |       0 |   0.0 |       2 |       0 |   0.0
        D:2 |       7 |       0 |   0.0 |       5 |       0 |   0.0
            +---------+---------+-------+---------+---------+-------
